 Seeded DCSS version 0.31-a0-426-g3a05650e59 (webtiles) character file.

Game seed: 7219796886474184679 (custom seed)

38 Gelion the Changeling (level 3, -3/3 HPs)
             Began as an Octopode Shapeshifter on July 31, 2023.
             Slain by a gnoll
             ... wielding a +0 whip
              (6 damage)
             ... on level 2 of the Dungeon.
             The game lasted 00:01:47 (840 turns).

Gelion the Changeling (Octopode Shapeshifter)        Turns: 840, Time: 00:01:49

Health: -3/3       AC: 27    Str: 14    XL:     3   Next: 43%
Magic:  3/3        EV: 12    Int: 10    God:
Gold:   46         SH:  0    Dex: 14    Spells: 2/2 levels left

rFire   . .          .
                       - Unarmed
rCold   . . .        (no shield)
rNeg    + . .        (helmet restricted)
rPois   ∞            (no amulet)
rElec   +            (no ring)
rCorr   .            (no ring)
SInv    .            (no ring)
Will    .....        (no ring)
Stlth   ++           (no ring)
HPRegen 0.20/turn    (no ring)
MPRegen 0.08/turn    (no ring)
                     (no ring)

%: no passive effects
@: statue-form, very slow
A: slow and powerful, torment resistance 1, reduced hp, almost no armour,
amphibious, 8 rings, camouflage 1, (gelatinous body 1), (nimble swimmer 1),
tentacles
a: Begin Untransformation


You were on level 2 of the Dungeon.
You were a living statue of rough stone.
You visited 1 branch of the dungeon, and saw 2 of its levels.

You collected 46 gold pieces.

Inventory:

Talismans
 b - a beast talisman
 e - a granite talisman (active)
Scrolls
 c - a scroll of summoning {unknown}
 h - a scroll of noise {unknown}
Potions
 a - a potion of lignification
 d - a potion of attraction {unknown}
 f - a potion of invisibility {unknown}
 g - a potion of curing {unknown}


   Skills:
 + Level 1.7 Fighting
 - Level 2.0 Dodging
 + Level 3.3 Unarmed Combat
 * Level 3.5 Shapeshifting


You had 2 spell levels left.
You didn't know any spells.
Your spell library contained the following spells:

 Spells                   Type           Power      Damage    Failure   Level
 Slow                     Hex            0%         N/A       36%         1
 Confusing Touch          Hex            0%         N/A       75%         3
 Vampiric Draining        Necr           0%         2d6       75%         3


Dungeon Overview and Level Annotations

Branches:
Dungeon (2/15)

Altars:


Innate Abilities, Weirdness & Mutations

You are a living statue of rough stone.
Your actions are slow, but your melee attacks are powerful.
You are resistant to unholy torment.
Your maximum health is decreased, since you lack skill for your form.
You cannot wear most types of armour.
You are amphibious.
You can wear up to eight rings at the same time.
You are immune to poison.
Your skin changes colour to match your surroundings (Stealth+).
((Your rubbery body absorbs attacks. (AC +1, EV +1)))
((You are camouflaged when in or above water. (Stealth+)))
You have tentacles for arms and can constrict up to eight enemies at once.


Message History

The quokka barely misses you. The quokka closely misses you.
You barely miss the quokka. You grab the quokka. You constrict the quokka.
The quokka bites you but does no damage.
You barely miss the quokka.
The quokka is moderately wounded.
You constrict the quokka, but do no damage.
The quokka bites you but does no damage.
The quokka barely misses you.
You batter the quokka!!
You kill the quokka!
You see here a quokka corpse.
A gnoll comes into view. It is wielding a +0 spear.
The gnoll shouts!
You hear a shout!
The gnoll throws a throwing net.
The throwing net hits you.
You become entangled in the net!
A gnoll comes into view. It is wielding a +0 whip.
A ball python comes into view.
You see here a throwing net.
You struggle against the net.
You struggle against the net.
You struggle against the net.
The gnoll hits you but does no damage.
You rip the net and break free!
The ball python barely misses you. x2
The gnoll hits you but does no damage.
The ball python bites you but does no damage.
The ball python grabs you. The ball python constricts you.
A gnoll comes into view. It is wielding a +0 club.
The gnoll barely misses you.
The gnoll shouts!
You bludgeon the ball python!
You kill the ball python!
The gnoll throws a throwing net.
The throwing net closely misses you.
You completely miss the gnoll. Your grab misses the gnoll.
The gnoll barely misses you. The gnoll closely misses you.
You tentacle-slap the gnoll but do no damage.
You grab the gnoll.
You squeeze the gnoll, but do no damage.
You constrict the gnoll. The gnoll misses you. The gnoll closely misses you.
The gnoll hits you but does no damage. The gnoll hits you with a +0 whip.
Ouch! That really hurt!
You die...

#. #. .. #. #g #.##g ###
#...g############# #####..
...##8##.........#
..##.###...###†#.#######.#
#.##.##.#..####..##### #.#
####.##.#...............# #.#
...........#..####..###.# #.#
.###.##.###...###.#.# #.# #.#
.###.##.##.....#.##.###.###.#
.>...##.###.....###.........#
..#####.......### #####.#####


You could see 3 gnolls.

Vanquished Creatures
  A dart slug (D:1)
  4 endoplasms
  2 giant cockroaches (D:1)
  3 hobgoblins
  5 kobolds (D:1)
  2 quokkas
  3 ball pythons
  3 bats
  10 frilled lizards (D:1)
  A goblin (D:1)
  2 rats (D:1)
36 creatures vanquished.

Notes
Turn   | Place    | Note
-------+----------+-------------------------------------------
     0 | D:1      | Gelion the Octopode Shapeshifter began the quest for the
                  | Orb.
     0 | D:1      | Reached XP level 1. HP: 13/13 MP: 1/1
    87 | D:1      | Reached XP level 2. HP: 17/18 MP: 2/2
   512 | D:1      | Reached XP level 3. HP: 23/23 MP: 3/3
   840 | D:2      | Slain by a gnoll

Illustrated notes

Levels and vault maps discovered:
D:1:      ncdulo_lavacross, layout_basic, minmay_lizard_pond
D:2:      layout_loops_corners

Action                     || total
---------------------------++-------
  Melee: Unarmed           ||    65
         Constrict         ||    17
         Tentacles         ||     8
   Stab: Sleeping          ||     3
 Armour: Skin              ||    19
  Dodge: Dodged            ||    40
   Form: Statue            ||     1

Table legend: (Time is in decaauts)
 A = Elapsed time spent in this place.
 B = Non-inter-level travel time spent in this place.
 C = Inter-level travel time spent in this place.
 D = Time resting spent in this place.
 E = Time spent auto-exploring this place.
 F = Levels seen in this place.
 G = Mean time per level.
                   A        B        C        D        E       F      G
               +--------+--------+--------+--------+--------+-----+--------+
         Total |    931 |    912 |     19 |      0 |    686 |   2 |  465.5 |
       Dungeon |    931 |    912 |     19 |      0 |    686 |   2 |  465.5 |
               +--------+--------+--------+--------+--------+-----+--------+

Top non-repeatable levels by time:
     D:1: 661 daAuts
     D:2: 270 daAuts
